 Dungeon Crawl Stone Soup version 0.29.1-12-g30fa7ad0bf (webtiles) character file.

Game seed: 9543133573107497014

76 Radix the Sneak (level 4, 0/27 HPs)
             Began as a Vampire Brigand on Jan 5, 2023.
             Slain by an orc
             ... wielding a +0 hand axe
              (1 damage)
             ... on level 3 of the Dungeon.
             The game lasted 00:07:08 (2199 turns).

Radix the Sneak (Vampire Brigand)                   Turns: 2199, Time: 00:07:10

Health: 0/27       AC:  3    Str: 10    XL:     4   Next: 12%
Magic:  4/4        EV: 12    Int: 13    God:
Gold:   113        SH:  0    Dex: 17    Spells: 3/3 levels left

rFire   . . .      SeeInvis +   n - +2 dagger (venom)
rCold   + + .      Faith    .   (no shield)
rNeg    + + +      Spirit   .   b - +0 robe
rPois   ∞          Reflect  .   (no helmet)
rElec   .          Harm     .   c - +0 cloak
rCorr   .          Rampage  .   (no gloves)
Will    .....                   (no boots)
Stlth   +++++.....              (no amulet)
HPRegen 0.00/turn               (no ring)
MPRegen 0.09/turn               (no ring)

@: bloodless, inhibited regen
A: bloodless, fangs 3, see invisible, vampiric 2
a: Bat Form, Revivify


You were on level 3 of the Dungeon.
You visited 1 branch of the dungeon, and saw 3 of its levels.

You collected 113 gold pieces.

Inventory:

Hand Weapons
 a - a +2 dagger
 n - a +2 dagger of venom (weapon)
Missiles
 d - 8 poisoned darts (quivered)
 e - 3 curare-tipped darts
Armour
 b - a +0 robe (worn)
 c - a +0 cloak (worn)
Scrolls
 f - 8 scrolls of identify {unknown}
 g - a scroll of poison {unknown}
 h - a scroll of summoning {unknown}
 k - a scroll of vulnerability {unknown}
 o - a scroll of blinking {unknown}
 q - a scroll of fog {unknown}
Potions
 i - a potion of attraction {unknown}
 j - 2 potions of resistance {unknown}
 l - a potion of brilliance {unknown}
 m - a potion of degeneration {unknown}
 p - a potion of curing {unknown}


   Skills:
 + Level 2.3 Fighting
 + Level 2.9 Short Blades
 + Level 2.1 Throwing
 + Level 2.2 Dodging
 + Level 6.4 Stealth


You had 3 spell levels left.
You didn't know any spells.
Your spell library contained the following spells:

 Spells                   Type           Power      Damage    Failure   Level
 Ensorcelled Hibernation  Hex/Ice        0%         N/A       43%         2
 Passwall                 Tmut/Erth      0%         N/A       43%         2
 Swiftness                Air            0%         N/A       67%         3


Dungeon Overview and Level Annotations

Branches:
Dungeon (3/15)

Altars:

Portals:
Abyss: D:3

Annotations:
D:3 Unforgiven's ghost, amateur GrFi


Innate Abilities, Weirdness & Mutations

You do not regenerate when monsters are visible.
You are frail without blood (-20% HP).
You can heal yourself when you bite living creatures.
You are immune to poison.
You have razor-sharp teeth.
You have supernaturally acute eyesight. (SInv)
You are afflicted with vampirism and can become a bat while bloodless.


Message History

The orc hits you but does no damage. The orc attacks as you move away!
The orc hits you with a +0 club. The orc hits you with a +0 club.
The orc misses you.
The ufetubus shouts!
You hit the orc.
The orc is poisoned.
The orc is heavily wounded.
You kill the orc!
Throw: 11 darts (poison)
Press: ? - help, Q - select action, (/) - cycle Shift-Dir - straight line, f/p - orc
Aim: an orc, wielding a +0 trident (moderately wounded, poisoned, 62% to hit)
You throw a poisoned dart. The poisoned dart hits the orc.
The orc looks even sicker.
The orc is moderately wounded.
Throw: 10 darts (poison)
Press: ? - help, Q - select action, (/) - cycle Shift-Dir - straight line, f/p - orc
Aim: an orc, wielding a +0 trident (moderately wounded, very poisoned, 62% to hit)
Okay, then.
The orc hits you from afar with a +0 trident!
You barely miss the orc. The orc hits you with a +0 short sword.
* * * LOW HITPOINT WARNING * * *
The orc hits you from afar with a +0 trident.
* * * LOW HITPOINT WARNING * * *
The orc attacks as you move away! The orc hits you but does no damage.
Throw: 10 darts (poison)
Press: ? - help, Q - select action, (/) - cycle Shift-Dir - straight line, f - orc
Aim: an orc, wielding a +0 short sword and wearing a +0 ring mail (65% to hit)
You throw a poisoned dart. The poisoned dart hits the orc.
You barely miss the orc.
The orc is heavily wounded.
You hit the orc but do no damage.
The orc is severely wounded.
The orc closely misses you.
You hit the orc.
You kill the orc!
Throw: 9 darts (poison)
Press: ? - help, Q - select action, (/) - cycle Shift-Dir - straight line, f/p - orc
Aim: an orc, wielding a +0 short sword and wearing a +0 ring mail (65% to hit)
You throw a poisoned dart. The poisoned dart hits the orc.
The orc is poisoned.
The orc hits you with a +0 hand axe.
You die...

.....###..###........##.
............((..........
.............o..†.......
####.#..##)####....?.##.
##.##.##.###.......#
#####.....#...##..........
#.............##.......###
#<###..####o.......?...#
#†)...@o.#####...#...
#†######## ##.#####
#.#.....# #.#.###.#
#.....#.# ###.#.#.#
#.....# ####.....#
.......<.#


You could see 2 orcs.

Vanquished Creatures
  An adder (D:2)
  2 worms (D:2)
  3 dart slugs
  3 orcs (D:3)
  6 endoplasms
  2 giant cockroaches
  A goblin (D:1)
  6 hobgoblins
  6 jackals
  A quokka (D:3)
  5 ball pythons (D:1)
  3 bats
  2 frilled lizards (D:2)
  3 kobolds
  3 rats
47 creatures vanquished.

Notes
Turn   | Place    | Note
-------+----------+-------------------------------------------
     0 | D:1      | Radix the Vampire Brigand began the quest for the Orb.
     0 | D:1      | Reached XP level 1. HP: 16/16 MP: 1/1
   318 | D:1      | Reached skill level 6 in Stealth
   340 | D:1      | Reached XP level 2. HP: 4/17 MP: 2/2
  1125 | D:2      | Gained mutation: You are afflicted with vampirism and can
                  | become a bat while bloodless. [Vampire growth]
  1125 | D:2      | Reached XP level 3. HP: 21/21 MP: 3/3
  2129 | D:3      | Reached XP level 4. HP: 24/26 MP: 4/4
  2162 | D:3      | Found a one-way gate to the infinite horrors of the Abyss.
  2162 | D:3      | Noticed Unforgiven's ghost (amateur GrFi)
  2190 | D:3      | HP: 1/26 [orc/+0 trident (5)]
  2199 | D:3      | Slain by an orc

Illustrated notes

Levels and vault maps discovered:
D:1:      lightli_arrival_isolated_outpost, layout_rooms,
          dreamdust_princess_corridor
D:2:      layout_basic, ebering_dispersal_statue_hall, minmay_misc_feat_alley
D:3:      layout_loops_cross, mainiacjoe_overflow_boulevard, tgw_xom,
          gammafunk_ghost_abyssal_escape, uniq_natasha

Skill      XL: |  1  2  3 |
---------------+----------+-----
Stealth        | 6 |  6.4
Fighting       | 2 |  2.3
Throwing       | 2 |  2.1
Dodging        | 2 |  2.2
Short Blades   | |  2.9

Action                   |  1- 3 |  4- 6 || total
-------------------------+-------+-------++-------
Melee: Dagger            |   132 |    12 ||   144
       Bite              |    18 |       ||    18
Throw: Dart              |       |     4 ||     4
 Abil: Exsanguinate      |     1 |       ||     1
 Stab: Sleeping          |     9 |       ||     9
Armor: Robe              |    27 |     8 ||    35
Dodge: Dodged            |    65 |    12 ||    77
